Map: Central Protocol

Players

ACRAaron

  • Race: Terran Terran
  • League: Gold

lIIlllllIIII (HuK) - Winner!

  • Race: Protoss Protoss
  • League: Grandmaster

VOD

Have the link to the VOD?

Description

Time

  • Played on: Nov. 21, 2015, 11:36 a.m.
  • Length: 4:57
Show
View Real Time Build Order
Export as new Build Order

ACRAaron Terran 

Build Orders:  

Get SALT Encoding   

  12  0:01  SCV  
  13  0:13  SCV  
  14  0:19  Supply Depot  
  14  0:25  SCV  
  15  0:40  SCV  
  16  0:42  Barracks  
  16  0:46  Refinery  
  16  0:52  SCV  
  17  1:04  SCV  
  18  1:16  SCV  
  19  1:34  Barracks Tech Lab  
  19  1:37  Command Center  
  19  1:46  Orbital Command  
  19  1:52  Marine  
  20  2:04  Supply Depot  
  20  2:11  Marauder  
  20  2:13  SCV  
  23  2:26  SCV  
  24  2:30  Bunker  
  24  2:36  Marauder  
  26  2:38  SCV  
  27  2:44  Barracks  
  27  2:53  Orbital Command  
  27  2:56  SCV  
  28  3:01  Marine  
  28  3:05  Engineering Bay  
  29  3:12  SCV  
  30  3:23  Barracks  
  30  3:24  SCV x2  
  31  3:35  Bunker  
  29  3:42  SCV  
  29  3:43  SCV, Marine  
  28  3:49  Marine  
  23  4:02  SCV  
  18  4:10  Marine  
  18  4:13  SCV  
  20  4:21  SCV  
  21  4:27  Missile Turret  
  21  4:31  Marine  
  21  4:35  Marine  
  23  4:42  SCV  
  23  4:43  SCV  
Show
View Real Time Build Order
Export as new Build Order

lIIlllllIIII Protoss - Winner!

Build Orders: Oracle Opening 

Get SALT Encoding   

  12  0:01  Probe (Chrono Boost)  
  13  0:11  Probe (Chrono Boost)  
  14  0:19  Pylon  
  14  0:22  Probe (Chrono Boost)  
  15  0:38  Probe (Chrono Boost)  
  16  0:45  Gateway  
  16  0:48  Probe (Chrono Boost), Assimilator  
  17  0:53  Assimilator  
  17  0:59  Probe (Chrono Boost)  
  18  1:14  Probe (Chrono Boost)  
  19  1:22  Pylon  
  19  1:24  Probe (Chrono Boost)  
  20  1:34  Cybernetics Core  
  20  1:35  Probe (Chrono Boost)  
  21  1:45  Probe (Chrono Boost)  
  22  1:56  Probe (Chrono Boost)  
  23  2:11  Stargate  
  23  2:13  Adept  
  23  2:14  Warp Gate (Chrono Boost)  
  25  2:36  Pylon  
  25  2:49  Gateway  
  25  2:54  Gateway  
  25  2:55  Gateway  
  25  2:59  Oracle (Chrono Boost)  
  25  3:05  Gateway  
  28  3:15  Stalker  
  28  3:19  Pylon  
  30  3:31  Void Ray (Chrono Boost)  
  34  3:49  Pylon  
  34  3:50  Pylon  
  34  4:09  Void Ray (Chrono Boost)  
  38  4:16  Stalker  
  40  4:19  Stalker x2  
  44  4:28  Stalker  
  46  4:36  Stalker  
Tags
 
Add a new tag
Caveats
  • Supply blocks, unpowered buildings, or Contaminate may cause inaccurate times.
  • Supply counts are checked every 10 seconds.